AoeStats
← 玩印度的哥们硬不起来

African Clearing

510294490Analyzed
4v4 RM · 2d ago on Sep 30, 2026· 24m 43s· 8 players
Game mode
Random Map
Map size
Large (8 player)
Population
200
Speed
Normal
Resources
Standard
Victory
Conquest
Starting age
Dark Age
Ending age
Imperial Age
RankedLock teamsTeams togetherTeam positionsShared explorationLock speedFull tech treeHidden civsTurbo modeCheats
Victory
Defeat
🇨🇳 Magyars · China
1503
+17
🇨🇳 Saxons · China
1500
+17
🇨🇳 Varangians · China
1483
+18
🇨🇳 Mapuche · China
1469
+18
🇦🇷 Wei · Argentina
1607
-22
1536
-18
1516
-17
🇨🇳 Franks · China
1420
-13
Monreson
5:08 Loom
13:11 Feudal Age
17:15 Castle Age
16:29 Forging
Stalin
11:40 Loom
13:54 Feudal Age
17:43 Castle Age
15:48 Double-Bit Axe
16:52 Fletching
18:41 Bow Saw
21:52 Bodkin Arrow
25:32 Wheelbarrow
25:03 Padded Archer Armor
qkry335791
11:00 Feudal Age
9:17 Loom
13:19 Double-Bit Axe
14:15 Horse Collar
21:14 Wheelbarrow
23:52 Castle Age
25:10 Hand Cart
i'm a pupil
7:32 Loom
14:44 Feudal Age
18:56 Castle Age
16:43 Double-Bit Axe
17:24 Stone Mining
17:51 Fishing Lines
18:32 Gold Mining
20:19 Bow Saw
24:34 Wheelbarrow
23:51 Gold Mining
24:50 Town Watch
[QHB]Hammer warriors
7:46 Loom
12:42 Feudal Age
14:43 Double-Bit Axe
15:47 Horse Collar
20:04 Castle Age
19:16 Bloodlines
20:59 Bow Saw
21:12 Heavy Plow
[QHB] Noel Vermillion
9:38 Loom
11:40 Feudal Age
13:03 Town Watch
13:34 Bloodlines
13:38 Double-Bit Axe
19:22 Scale Barding Armor
22:30 Castle Age
21:01 Horse Collar
22:08 Forging
22:32 Light Cavalry
23:34 Chain Barding Armor
QHB挂b户口本1页
4:55 Loom
12:51 Feudal Age
17:55 Double-Bit Axe
25:56 Castle Age
玩印度的哥们硬不起来
3:11 Loom
14:23 Feudal Age
16:33 Wheelbarrow
18:02 Wheelbarrow
26:15 Castle Age
Connection lost

Rejoining the realm…

Still unreachable

The connection could not be restored.

Session expired

The server has moved on; the page needs a fresh start.